AoeStats
← 李太君の秽土转生

Arabia

508786273Analyzed
1v1 RM · 8d ago on Sep 24, 2026· 138m 11s· 2 players
Game mode
Random Map
Map size
Tiny (2 player)
Population
200
Speed
Normal
Resources
Standard
Victory
Conquest
Starting age
Dark Age
Ending age
Imperial Age
RankedLock teamsTeams togetherTeam positionsShared explorationLock speedFull tech treeHidden civsTurbo modeCheats
Victory
Defeat
🇦🇷 Romans · Argentina
811
+14
769
-14
李太君の秽土转生
7:14 Loom
9:28 Feudal Age
10:09 Double-Bit Axe
16:30 Castle Age
17:12 Horse Collar
26:39 Bow Saw
27:26 Wheelbarrow
29:36 Heavy Plow
33:00 Bloodlines
34:10 Gold Mining
39:26 Imperial Age
37:22 Husbandry
38:37 Fervor
38:58 Padded Archer Armor
41:14 Supremacy
40:42 Light Cavalry
41:30 Scale Barding Armor
41:36 Forging
42:00 Cavalier
43:50 Hand Cart
44:28 Chain Barding Armor
45:15 Conscription
47:37 Chemistry
47:43 Iron Casting
51:07 Thumb Ring
51:03 Town Watch
54:36 Sappers
56:11 Block Printing
63:14 Plate Barding Armor
63:41 Blast Furnace
62:32 Fletching
62:58 Leather Archer Armor
62:14 Paladin
65:52 Two-Man Saw
69:21 Hussar
76:15 Man-at-Arms
76:41 Gambesons
77:00 Scale Mail Armor
77:25 Long Swordsman
79:39 Two-Handed Swordsman
83:52 Champion
90:42 Squires
91:10 Chain Mail Armor
91:13 Pikeman
95:32 Bodkin Arrow
96:08 Ring Archer Armor
100:00 Bracer
99:45 Elite Skirmisher
103:38 Plate Mail Armor
105:09 Halberdier
115:32 Guilds
federicol18
9:42 Feudal Age
13:55 Man-at-Arms
17:43 Scale Barding Armor
20:02 Forging
21:47 Scale Mail Armor
25:26 Castle Age
24:37 Double-Bit Axe
24:33 Horse Collar
27:31 Wheelbarrow
27:09 Bow Saw
27:41 Long Swordsman
29:51 Chain Mail Armor
32:51 Loom
35:08 Hand Cart
37:22 Stone Mining
39:29 Iron Casting
41:27 Ballistas
41:33 Gold Mining
45:28 Imperial Age
48:39 Heavy Plow
48:52 Bow Saw
51:49 Conscription
52:31 Crop Rotation
51:49 Heavy Scorpion
61:28 Siege Engineers
61:28 Elite Skirmisher
62:56 Padded Archer Armor
64:56 Light Cavalry
65:46 Bloodlines
65:54 Leather Archer Armor
65:30 Fletching
66:06 Chain Barding Armor
66:47 Blast Furnace
66:21 Ballistics
66:13 Pikeman
66:56 Squires
68:02 Chemistry
67:34 Halberdier
75:40 Ring Archer Armor
75:09 Bodkin Arrow
100:11 Murder Holes
100:26 Masonry
124:14 Legionary
Connection lost

Rejoining the realm…

Still unreachable

The connection could not be restored.

Session expired

The server has moved on; the page needs a fresh start.